 Dungeon Crawl Stone Soup version 0.18-a0-993-g4a3b7c7 (webtiles) character file.

71 st0uf the Shield-Bearer (level 4, 0/35 HPs)
             Began as a Formicid Fighter on Jan 4, 2016.
             Slain by a gnoll (5 damage)
             ... on level 2 of the Dungeon.
             The game lasted 00:04:40 (1173 turns).

st0uf the Shield-Bearer (Formicid Fighter)          Turns: 1173, Time: 00:04:40

Health: 0/35       AC:  7    Str: 20    XL:     4   Next: 47%
Magic:  4/4        EV:  8    Int:  8    God:
Gold:   110        SH:  9    Dex: 11    Spells: 0 memorised, 3 levels left

rFire  . . .     SeeInvis +     a - +0 long sword
rCold  . . .     Gourm    .     b - +0 scale mail
rNeg   . . .     Faith    .     c - +0 shield
rPois  .         Spirit   .     (helmet unavailable)
rElec  .         Dismiss  .     (no cloak)
rCorr  .         Reflect  .     (no gloves)
SustAt .         Harm     .     (no boots)
MR     .....                    (no amulet)
Stlth  ..........               (no ring)
                                (no ring)

@: not resistant to hostile enchantments, extremely unstealthy
A: permanent stasis, dig shafts and tunnels, four strong arms, antennae 3
a: Dig, Shaft Self


You were on level 2 of the Dungeon.
You were not hungry.

You visited 1 branch of the dungeon, and saw 2 of its levels.

You collected 110 gold pieces.

Inventory:

Hand Weapons
 a - a +0 long sword (weapon)
Missiles
 k - 12 sling bullets
 l - 11 javelins (quivered)
Armour
 b - a +0 scale mail (worn)
 c - a +0 shield (worn)
Scrolls
 g - a scroll of enchant weapon {unknown}
 i - 3 scrolls of identify {unknown}
 n - a scroll of fear {unknown}
Potions
 d - a potion of might
 e - 2 potions of flight {unknown}
 j - a potion of curing {unknown}
 o - a potion of agility {unknown}
 p - a potion of brilliance {unknown}
Comestibles
 f - 2 bread rations
 h - 2 meat rations
 m - 2 chunks of flesh


   Skills:
 + Level 3.5 Fighting
 * Level 2.8 Long Blades
 + Level 3.9 Armour
 + Level 1.0 Dodging
 + Level 4.1 Shields


You had 3 spell levels left.
You didn't know any spells.

Dungeon Overview and Level Annotations

Branches:
Dungeon (2/15)

Altars:


Innate Abilities, Weirdness & Mutations

You are under a permanent stasis effect.
You can dig through walls and to a lower floor.
Your four strong arms can wield two-handed weapons with a shield.
You have a pair of large antennae on your head (SInv).


Message History

You block the gnoll's attack.
You slash the gnoll!
You kill the gnoll!
Your Dodging skill increases to level 1!
You block the giant newt's attack.
You barely miss the giant newt.
The giant newt bites you but does no damage.
You barely miss the giant newt.
The giant newt bites you but does no damage.
You miss the giant newt.
The giant newt bites you but does no damage. x2
You miss the giant newt.
The giant newt bites you but does no damage.
You miss the giant newt. The giant newt bites you.
* * * LOW HITPOINT WARNING * * *
You slash the giant newt!
You kill the giant newt!
The gnoll barely misses you.
You hit the gnoll but do no damage. The gnoll hits you.
You die...

#############
########............
#.......<..#########
#.###.####.# #
####.###.####.# #
#..........##.# #
#.##.####..##.# #
#.##.####..##.# #
#.##.#@##..##.# #
##.####.#..##g#..##.#########
.........#.#.##..##..........
##.###..###..............##..
#...#g####....#####..#..
#..#.##......## ##....
#..#.##....†.# #....
...{.{{....#####...+ {#....
.g.g{g#..........).# {#....


You could see a gnoll.

Vanquished Creatures
  3 gnolls (D:2)
  An adder (D:2)
  An ooze (D:2)
  A worm (D:2)
  2 giant cockroaches
  4 goblins
  3 hobgoblins
  A ball python (D:1)
  4 bats
  2 giant newts
  A kobold (D:1)
  6 rats
29 creatures vanquished.

Notes
Turn   | Place    | Note
--------------------------------------------------------------
     0 | D:1      | st0uf the Formicid Fighter began the quest for the Orb.
     0 | D:1      | Reached XP level 1. HP: 18/18 MP: 1/1
   249 | D:1      | Reached XP level 2. HP: 22/24 MP: 2/2
   450 | D:1      | Reached skill level 4 in Shields
   834 | D:2      | Reached XP level 3. HP: 16/29 MP: 3/3
  1154 | D:2      | Reached XP level 4. HP: 27/35 MP: 4/4
  1166 | D:2      | Reached skill level 1 in Dodging
  1173 | D:2      | Slain by a gnoll

Vault maps used:
D:1:      tarquinn_simple_flora_water_f, minmay_misc_feat_room,
          minmay_box_of_dots
D:2:      first_bread, kennysheep_jessica_study, uniq_jessica

Action                   |  1- 3 |  4- 6 || total
-------------------------+-------+-------++-------
Melee: Long sword        |   117 |    19 ||   136
 Abil: Dig               |     1 |       ||     1
  Eat: Chunk             |     1 |       ||     1
